 Dungeon Crawl Stone Soup version 0.27.1-34-g3ba077fa99 (webtiles) character file.

Game seed: 7626980890403602320

128 Cykl0x the Slasher (level 5, -2/31 HPs)
             Began as a Gargoyle Gladiator on Jan 19, 2022.
             Killed by divine providence
             ... invoked by an orc priest
              (11 damage)
             ... on level 3 of the Dungeon.
             The game lasted 00:03:14 (2536 turns).

Cykl0x the Slasher (Gargoyle Gladiator)             Turns: 2536, Time: 00:03:15

Health: -2/31      AC: 10    Str: 18    XL:     5   Next: 12%
Magic:  5/5        EV:  8    Int:  9    God:
Gold:   83         SH: 13    Dex: 11    Spells: 4/4 levels left

rFire    . . .     SeeInvis .   a - +0 long sword (vorpal)
rCold    . . .     Faith    .   i - +0 kite shield
rNeg     + . .     Spirit   .   n - +0 ring mail
rPois    ∞         Reflect  +   c - +0 helmet
rElec    +         Harm     .   (no cloak)
rCorr    .         Rampage  .   (no gloves)
Will     .....                  (no boots)
Stlth    +.........             l - amulet of reflection
HPRegen  0.10/turn              (no ring)
MPRegen  0.09/turn              (no ring)

@: mighty
A: sickness immunity, AC +4, negative energy resistance 1, electricity
resistance, torment resistance 1, petrification resistance
a: no special abilities


You were on level 3 of the Dungeon.
You visited 1 branch of the dungeon, and saw 3 of its levels.

You collected 83 gold pieces.

Inventory:

Hand Weapons
 a - a +0 vorpal long sword (weapon)
Missiles
 d - a throwing net (quivered)
 g - 132 stones
Armour
 b - a +0 leather armour
 c - a +0 helmet (worn)
 i - a +0 kite shield (worn)
 n - a +0 ring mail (worn)
Jewellery
 l - an amulet of reflection (around neck)
Wands
 j - a wand of flame (23)
Scrolls
 h - a scroll of identify
 k - a scroll of teleportation
Potions
 f - a potion of curing {unknown}
 m - a potion of mutation {unknown}
 o - a potion of lignification


   Skills:
 + Level 2.6 Fighting
 + Level 3.9 Long Blades
 + Level 1.9 Throwing
 + Level 2.1 Armour
 + Level 2.8 Dodging
 + Level 1.2 Shields


You had 4 spell levels left.
You didn't know any spells.
Your spell library was empty.

Dungeon Overview and Level Annotations

Branches:
Dungeon (3/15)

Altars:
Dithmenos
Nemelex Xobeh

Shops:
D:1 [


Innate Abilities, Weirdness & Mutations

You are immune to sickness and miasma.
Your stone body is resilient. (AC +4)
You are immune to poison.
You resist negative energy. (rN+)
You are resistant to electric shocks. (rElec)
You are resistant to unholy torment.
You are immune to petrification.


Message History

No target in view!
No target in view!
No target in view!
No target in view!
g - 132 stones (gained 17)
Things that are here:
a +0 club; a goblin corpse
Found a shadowy altar of Dithmenos.
The orc shouts!
An orc is nearby!
The orc wizard shouts!
The orc priest shouts!
You block the orc's attack.
You slash the orc!
You kill the orc!
The orc priest casts a cantrip, but nothing happens.
You block the orc's attack.
You slash the orc!
You kill the orc!
The orc priest mumbles some strange prayers to Beogh against you.
Beogh smites you!
The orc wizard mumbles some strange words.
The orc wizard flickers and vanishes!
Deactivating autopickup; reactivate with Ctrl-A.
The orc wizard hits you with a +0 dagger.
You slash the orc wizard!
The orc wizard is severely wounded.
The orc wizard completely misses you.
You slash the orc wizard!
You kill the orc wizard!
The orc priest mumbles some strange prayers to Beogh against you.
Pain shoots through your body!
* * * LOW HITPOINT WARNING * * *
You have reached level 5!
You hear some strange, mumbled words.
Something tries to affect you, but you resist.
You feel very mighty all of a sudden.
You closely miss something. Something hits you but does no damage.
The orc priest invokes the aid of Beogh against you.
Beogh smites you!
You die...

############## ######
###....#.......###......
..#...........).........
#.#.........####@####...
+...........##.....##
#...........#...o...#
#...........#.......#
............)..._......
......#.....#.......#..
............#.......#...
............##.....## ..
............####.###


You could see an orc priest.

Vanquished Creatures
  An orc wizard (D:3)
  Robin (D:2)
  5 adders
  2 worms (D:2)
  A dart slug (D:2)
  2 orcs (D:3)
  3 ball pythons
  An endoplasm (D:2)
  8 goblins
  3 hobgoblins
  2 quokkas
  4 bats
  3 frilled lizards
  5 kobolds
  A rat (D:1)
42 creatures vanquished.

Notes
Turn   | Place    | Note
-------+----------+-------------------------------------------
     0 | D:1      | Cykl0x the Gargoyle Gladiator began the quest for the Orb.
     0 | D:1      | Reached XP level 1. HP: 12/12 MP: 1/1
   429 | D:1      | Reached XP level 2. HP: 17/17 MP: 2/2
   511 | D:1      | Found a faded altar of an unknown god.
   517 | D:1      | Found Ecwex's Antique Armour Shop.
  1058 | D:2      | Reached skill level 1 in Armour
  1160 | D:2      | Reached XP level 3. HP: 10/22 MP: 3/3
  1164 | D:2      | Reached skill level 3 in Long Blades
  1625 | D:2      | Found a sparkling altar of Nemelex Xobeh.
  1927 | D:2      | Reached XP level 4. HP: 26/27 MP: 4/4
  1930 | D:2      | Noticed Robin
  1935 | D:2      | Killed Robin
  2494 | D:3      | Reached skill level 1 in Shields
  2520 | D:3      | Found a shadowy altar of Dithmenos.
  2530 | D:3      | Reached XP level 5. HP: 8/31 MP: 5/5
  2536 | D:3      | Killed from afar by an orc priest

Illustrated notes

Levels and vault maps discovered:
D:1:      heliophobic_arrival_battle_scene, layout_loops_corners,
          chequers_ecumenical_altar_simple_redux, serial_shops, shop
D:2:      layout_loops_ring, basic_altar, uniq_robin
D:3:      kb_forest_paths, layout_basic, old_standard_altar, okawaru_gym_becter

Skill      XL: |  1  2  3  4 |
---------------+-------------+-----
Armour         | 1 2 |  2.1
Long Blades    | 3 |  3.9
Shields        | 1 |  1.2
Fighting       | |  2.6
Throwing       | |  1.9
Dodging        | |  2.8

Action                   |  1- 3 |  4- 6 || total
-------------------------+-------+-------++-------
Melee: Long sword        |    87 |    41 ||   128
Throw: Stone             |    12 |     2 ||    14
       Throwing net      |       |     2 ||     2
  Use: Scroll            |     6 |     1 ||     7
       Potion            |       |     2 ||     2
 Stab: Held in net/web   |       |     2 ||     2
Armor: Leather armour    |    17 |       ||    17
       Ring mail         |    15 |    27 ||    42
Dodge: Dodged            |    28 |    15 ||    43
Block: Kite shield       |    56 |    37 ||    93
       Reflection        |     2 |       ||     2
       Rpst.: Long sword |    11 |     7 ||    18
